 Dungeon Crawl Stone Soup version 0.27.1-1-g398f81649c (webtiles) character file.

Game seed: 18257790325481224345

57 oldmanjim the Grasshopper (level 4, -1/38 HPs)
             Began as a Gnoll Warper on Sept 18, 2021.
             Killed by nerve-wracking pain
             ... invoked by Jessica
              (7 damage)
             ... on level 2 of the Dungeon.
             The game lasted 00:08:03 (1470 turns).

oldmanjim the Grasshopper (Gnoll Warper)            Turns: 1470, Time: 00:08:04

Health: -1/38      AC:  3    Str: 12    XL:     4   Next: 0%
Magic:  11/11      EV: 12    Int: 12    God:
Gold:   100        SH:  0    Dex: 11    Spells: 11/13 levels left

rFire    + . .     SeeInvis .   a - +0 spear
rCold    . . .     Faith    .   (no shield)
rNeg     . . .     Spirit   .   b - +0 leather armour
rPois    .         Reflect  .   (no helmet)
rElec    .         Harm     .   (no cloak)
rCorr    .         Rampage  .   (no gloves)
Will     .....                  (no boots)
Stlth    +.........             (no amulet)
HPRegen  0.12/turn              h - ring of protection from fire
MPRegen  0.12/turn              (no ring)

@: no status effects
A: fangs 1, strong nose, distributed training
a: no special abilities


You were on level 2 of the Dungeon.
You visited 1 branch of the dungeon, and saw 2 of its levels.

You collected 100 gold pieces.

Inventory:

Hand Weapons
 a - a +0 spear (weapon)
Missiles
 d - 4 boomerangs of dispersal (quivered)
 e - 87 stones
Armour
 b - a +0 leather armour (worn)
 k - a +0 ring mail
Jewellery
 h - a ring of protection from fire (left hand)
Scrolls
 c - a scroll of blinking
 g - a scroll of vulnerability {unknown}
 l - 2 scrolls of amnesia {unknown}
Potions
 f - 3 potions of curing {unknown}
 j - a potion of haste {unknown}


   Skills:
 + Level 4.6 Fighting
 + Level 1.0 Short Blades
 + Level 1.0 Long Blades
 + Level 1.0 Axes
 + Level 1.0 Maces & Flails
 + Level 4.6 Polearms
 + Level 1.0 Staves
 + Level 1.0 Slings
 + Level 1.0 Bows
 + Level 1.0 Crossbows
 + Level 2.7 Throwing
 + Level 2.7 Armour
 + Level 4.6 Dodging
 + Level 1.0 Stealth
 + Level 1.0 Shields
 + Level 1.0 Unarmed Combat
 + Level 5.0 Spellcasting
 + Level 0.7 Conjurations
 + Level 0.7 Hexes
 + Level 0.7 Summonings
 + Level 0.7 Necromancy
 + Level 5.4 Translocations
 + Level 0.7 Transmutations
 + Level 0.7 Fire Magic
 + Level 0.7 Ice Magic
 + Level 0.7 Air Magic
 + Level 0.7 Earth Magic
 + Level 0.7 Poison Magic
 + Level 1.1 Invocations
 + Level 1.0 Evocations


You had 11 spell levels left.
You knew the following spells:

 Your Spells              Type           Power      Damage    Failure   Level
a - Blink                 Tloc           N/A        N/A       4%          2

Your spell library contained the following spells:

 Spells                   Type           Power      Damage    Failure   Level
 Gell's Gravitas          Tloc           8%         N/A       9%          3
 Lesser Beckoning         Tloc           8%         N/A       9%          3
 Teleport Other           Tloc           16%        N/A       9%          3
 Manifold Assault         Tloc           16%        N/A       58%         5


Dungeon Overview and Level Annotations

Branches:
Dungeon (2/15)

Altars:

Annotations:
D:2 Jessica


Innate Abilities, Weirdness & Mutations

You have very sharp teeth.
Your uncanny sense of smell can sniff out nearby items.
Your experience applies equally to all skills.


Message History

The adder skeleton barely misses you.
You completely miss the adder skeleton.
The adder skeleton is severely damaged.
The adder skeleton misses you.
You hit the adder skeleton.
You destroy the adder skeleton!
You have reached level 4!
You feel stronger.
You now have 100 gold pieces (gained 13).
Found a stone staircase leading down.
Jessica the Apprentice Sorceress comes into view.
She is wielding a +0 club.
Jessica shouts!
Jessica mumbles something strange.
Jessica mumbles some strange words.
Jessica blinks!
Jessica moves out of view.
Jessica mumbles some strange words.
Jessica blinks!
Throw: 2 darts (poison)
Press: ? - help, Q - select action, (/) - cycle Shift-Dir - straight line, f - Jessica
Aim: Jessica, wielding a +0 club and wearing a +0 robe (59% to hit)
You throw a poisoned dart.
The poisoned dart closely misses Jessica.
Throw: dart (poison)
Press: ? - help, Q - select action, (/) - cycle Shift-Dir - straight line, f/p - Jessica
Aim: Jessica, wielding a +0 club and wearing a +0 robe (59% to hit)
You throw a poisoned dart. The poisoned dart hits Jessica.
Jessica is poisoned.
Jessica points at you and mumbles some strange words.
Pain shoots through your body! Jessica casts a spell at you.
Pain shoots through your body!
Jessica looks more healthy.
Jessica casts a spell at you. Pain shoots through your body!
* * * LOW HITPOINT WARNING * * *
Jessica gestures at you while chanting. Pain shoots through your body!
* * * LOW HITPOINT WARNING * * *
Jessica points at you and mumbles some strange words.
Pain shoots through your body!
You die...

#...#.......# #.....
#...#.......# #.##..
###...#.......#### #######.##..
#................. ............
#.#####.......#### #######...†.
#.# #.......# #.†...
##.#####.......######### #.....
..............†......@.#####.....
##.########..<†.@..#.........####
..>..............................
###########.#....#.#.#.##########
###########.##...#.#.#.#
.................#.#.#.# ##
.##########.##...#.#.#.# #. .#
#.##...#.#.#.# #. .#
#.##..##.#.#.# #. .#
#.#......#.#.# #.


You could see Jessica.

Vanquished Creatures
  An adder skeleton (D:2)
  A worm (D:2)
  2 dart slugs (D:1)
  4 ball pythons (D:1)
  An endoplasm (D:1)
  3 giant cockroaches
  8 goblins (D:1)
  9 hobgoblins
  A kobold (D:2)
  2 quokkas (D:1)
  3 bats
  4 frilled lizards (D:1)
  3 rats
42 creatures vanquished.

Notes
Turn   | Place    | Note
-------+----------+-------------------------------------------
     0 | D:1      | oldmanjim the Gnoll Warper began the quest for the Orb.
     0 | D:1      | Reached XP level 1. HP: 20/20 MP: 6/6
   117 | D:1      | Reached XP level 2. HP: 26/26 MP: 7/7
   566 | D:1      | Reached XP level 3. HP: 31/31 MP: 9/9
   569 | D:1      | Learned a level 2 spell: Blink
   589 | D:1      | Reached skill level 5 in Spellcasting
   907 | D:2      | Reached skill level 1 in Invocations
  1288 | D:2      | Reached skill level 1 in Short Blades
  1288 | D:2      | Reached skill level 1 in Long Blades
  1288 | D:2      | Reached skill level 1 in Axes
  1288 | D:2      | Reached skill level 1 in Maces & Flails
  1288 | D:2      | Reached skill level 1 in Staves
  1288 | D:2      | Reached skill level 1 in Slings
  1288 | D:2      | Reached skill level 1 in Bows
  1288 | D:2      | Reached skill level 1 in Crossbows
  1288 | D:2      | Reached skill level 1 in Stealth
  1288 | D:2      | Reached skill level 1 in Shields
  1288 | D:2      | Reached skill level 1 in Unarmed Combat
  1288 | D:2      | Reached skill level 1 in Evocations
  1421 | D:2      | Reached XP level 4. HP: 36/38 MP: 11/11
  1434 | D:2      | Noticed Jessica
  1470 | D:2      | Killed from afar by Jessica

Illustrated notes

Levels and vault maps discovered:
D:1:      lemuel_arrival_funnel, layout_basic
D:2:      layout_basic, uniq_jessica

Skill      XL: |  1  2  3 |
---------------+----------+-----
Spellcasting   | 5 |  5.0
Invocations    | 1 |  1.1
Short Blades   | 1 |  1.0
Long Blades    | 1 |  1.0
Axes           | 1 |  1.0
Maces & Flails | 1 |  1.0
Staves         | 1 |  1.0
Slings         | 1 |  1.0
Bows           | 1 |  1.0
Crossbows      | 1 |  1.0
Stealth        | 1 |  1.0
Shields        | 1 |  1.0
Unarmed Combat | 1 |  1.0
Evocations     | 1 |  1.0
Fighting       | |  4.6
Polearms       | |  4.6
Throwing       | |  2.7
Armour         | |  2.7
Dodging        | |  4.6
Conjurations   | |  0.7
Hexes          | |  0.7
Summonings     | |  0.7
Necromancy     | |  0.7
Translocations | |  5.4
Transmutations | |  0.7
Fire Magic     | |  0.7
Ice Magic      | |  0.7
Air Magic      | |  0.7
Earth Magic    | |  0.7
Poison Magic   | |  0.7

Action                   |  1- 3 |  4- 6 || total
-------------------------+-------+-------++-------
Melee: Spear             |   138 |       ||   138
       Bite              |     2 |       ||     2
Throw: Dart              |     8 |     2 ||    10
       Boomerang         |     1 |       ||     1
 Stab: Sleeping          |     2 |       ||     2
Armor: Leather armour    |    14 |       ||    14
Dodge: Dodged            |    46 |       ||    46
